 Dungeon Crawl Stone Soup version 0.28-a0-1227-ga9037bb4c8 (webtiles) character file.

Game seed: 8372734647996777839

43 ChaosChampion the Ruffian (level 3, 0/30 HPs)
             Began as a Draconian Warper on Dec 22, 2021.
             Killed by divine providence
             ... invoked by an orc priest
              (16 damage)
             ... on level 3 of the Dungeon.
             The game lasted 00:01:31 (2010 turns).

ChaosChampion the Ruffian (Draconian Warper)        Turns: 2010, Time: 00:01:32

Health: 0/30       AC:  5    Str: 13    XL:     3   Next: 37%
Magic:  6/6        EV: 12    Int: 15    God:
Gold:   106        SH:  0    Dex: 10    Spells: 4/6 levels left

rFire   . . .      SeeInvis .     - Unarmed
rCold   + . .      Faith    .   (no shield)
rNeg    . . .      Spirit   .   (armour unavailable)
rPois   .          Reflect  .   (helmet restricted)
rElec   .          Harm     .   (no cloak)
rCorr   .          Rampage  .   (no gloves)
Will    +....                   (no boots)
Stlth   +.........              (no amulet)
HPRegen 0.10/turn               f - ring of willpower
MPRegen 0.10/turn               h - ring of protection from cold

@: no status effects
A: AC +5, unfitting armour, cold-blooded
a: no special abilities


You were on level 3 of the Dungeon.
You visited 1 branch of the dungeon, and saw 3 of its levels.

You collected 106 gold pieces.

Inventory:

Missiles
 b - 5 boomerangs of dispersal (quivered)
Jewellery
 f - a ring of willpower (left hand)
 h - a ring of protection from cold (right hand)
Scrolls
 a - a scroll of blinking
 c - 3 scrolls of identify {unknown}
 g - a scroll of fog {unknown}
Potions
 d - a potion of might {unknown}
 e - a potion of attraction {unknown}
 i - a potion of curing {unknown}


   Skills:
 - Level 2.3 Fighting
 - Level 0.8 Throwing
 - Level 2.1 Dodging
 * Level 3.7 Unarmed Combat
 - Level 2.0 Spellcasting
 - Level 3.0 Translocations


You had 4 spell levels left.
You knew the following spells:

 Your Spells              Type           Power      Damage    Failure   Level
z - Blink                 Tloc           20%        N/A       10%         2

Your spell library contained the following spells:

 Spells                   Type           Power      Damage    Failure   Level
 Gell's Gravitas          Tloc           10%        N/A       19%         3
 Lesser Beckoning         Tloc           10%        N/A       19%         3
 Teleport Other           Tloc           10%        N/A       19%         3
 Portal Projectile        Hex/Tloc       12%        N/A       34%         3
 Call Canine Familiar     Summ           1%         N/A       54%         3
 Leda's Liquefaction      Hex/Erth       0%         N/A       91%         4
 Manifold Assault         Tloc           10%        N/A       87%         5


Dungeon Overview and Level Annotations

Branches:
Dungeon (3/15)

Altars:


Innate Abilities, Weirdness & Mutations

Your plain brown scales are hard. (AC +5)
You cannot fit into any form of body armour.
You are cold-blooded and may be slowed by cold attacks.


Message History

No target in view!
No target in view!
No target in view!
No target in view!
No target in view!
No target in view!
You see here a rat corpse.
An orc comes into view. It is wielding a +0 dagger.
The orc shouts!
An orc is nearby!
An orc is nearby!
An orc is nearby!
An orc is nearby!
An orc comes into view. It is wielding a +0 falchion.
An orc priest and an orc wizard come into view.
The orc wizard is wielding a +0 dagger of venom.
The orc wizard shouts!
You completely miss the orc. The orc hits you with a +0 dagger.
The orc shouts!
You hit the orc.
The orc is heavily wounded.
The orc priest mumbles some strange prayers to Beogh against you.
You resist with significant effort. The orc hits you but does no damage.
You punch the orc!
You kill the orc!
The orc wizard points at you and mumbles some strange words.
The puff of flame hits you.
The orc priest invokes the aid of Beogh against you.
Beogh smites you!
The orc wizard points at you and mumbles some strange words.
The puff of flame misses you.
You are too injured to fight recklessly!
You are too injured to fight recklessly!
You are too injured to fight recklessly!
There are monsters nearby!
There are monsters nearby!
The orc priest invokes the aid of Beogh against you.
Beogh smites you!
Ouch! That really hurt!
You die...

#....# #....# #..o.#
#####.o..# #.....o..#
# #.###....####..
#.#..).......#
#..#...##...#.
##..#.@##..#..#
#...#....#...#
#....#..#....########
#.##.†##..##.........
#.##..##..##.......<.
#....#..#............
#...#....#...(.......
##..#..##..#..########
#..#...##...#.#


You could see an orc priest, an orc wizard and an orc.

Vanquished Creatures
  A worm (D:2)
  3 dart slugs
  An orc (D:3)
  2 giant cockroaches (D:1)
  3 goblins
  3 hobgoblins
  3 jackals (D:1)
  A quokka (D:2)
  2 ball pythons (D:1)
  4 bats
  3 frilled lizards (D:1)
  2 kobolds (D:1)
  4 rats
32 creatures vanquished.

Notes
Turn   | Place    | Note
-------+----------+-------------------------------------------
     0 | D:1      | ChaosChampion the Draconian Warper began the quest for the
                  | Orb.
     0 | D:1      | Reached XP level 1. HP: 17/17 MP: 3/3
   181 | D:1      | Found a faded altar of an unknown god.
   200 | D:1      | Reached XP level 2. HP: 13/25 MP: 5/5
   548 | D:1      | Learned a level 2 spell: Blink
  1165 | D:2      | Reached XP level 3. HP: 13/30 MP: 6/6
  2010 | D:3      | Killed from afar by an orc priest

Illustrated notes

Levels and vault maps discovered:
D:1:      eino_arrival_water_cross, layout_rooms,
          hellmonk_ecumenical_altar_blasted
D:2:      layout_basic, st_stairs_3
D:3:      layout_basic, chei_slow_surprise, minmay_misc_feat_hallway,
          serial_bayou_ford_a, minivault_26

Skill      XL: |  1  2 |
---------------+-------+-----
Unarmed Combat | 3 |  3.7
Fighting       | |  2.3
Throwing       | |  0.8
Dodging        | |  2.1
Spellcasting   | |  2.0
Translocations | |  3.0

Action                   || total
-------------------------++-------
Melee: Unarmed           ||   133
       Tailslap          ||    17
       Punch             ||     4
 Stab: Sleeping          ||     1
Armor: Skin              ||    50
Dodge: Dodged            ||    87

Table legend: (Time is in decaauts)
 A = Elapsed time spent in this place.
 B = Non-inter-level travel time spent in this place.
 C = Inter-level travel time spent in this place.
 D = Time resting spent in this place.
 E = Time spent auto-exploring this place.
 F = Levels seen in this place.
 G = Mean time per level.
                   A        B        C        D        E       F      G
               +--------+--------+--------+--------+--------+-----+--------+
         Total |   2001 |   1954 |     47 |    189 |   1501 |   3 |  667.0 |
       Dungeon |   2001 |   1954 |     47 |    189 |   1501 |   3 |  667.0 |
               +--------+--------+--------+--------+--------+-----+--------+

Top non-repeatable levels by time:
     D:1: 960 daAuts
     D:2: 953 daAuts
     D:3: 88 daAuts
